AoeStats
← mat13bg

MegaRandom

513466167Analyzed
4v4 RM · 6d ago on Oct 13, 2026· 44m 52s· 8 players
Game mode
Random Map
Map size
Large (8 player)
Population
200
Speed
Normal
Resources
Standard
Victory
Conquest
Starting age
Dark Age
Ending age
Imperial Age
RankedLock teamsTeams togetherTeam positionsShared explorationLock speedFull tech treeHidden civsTurbo modeCheats
Victory
Defeat
🇺🇸 Italians · United States
1044
+6
🇫🇷 Vietnamese · France
995
+7
🇧🇷 Vikings · Brazil
909
+9
🇦🇷 Maya · Argentina
891
+27
vs
🇧🇬 Cumans · Bulgaria
813
-9
🇧🇬 Britons · Bulgaria
780
-8
🇧🇬 Malians · Bulgaria
756
-8
🇧🇬 Byzantines · Bulgaria
746
-7
Holy_Jesus
11:08 Feudal Age
11:49 Double-Bit Axe
11:46 Horse Collar
19:25 Castle Age
19:05 Man-at-Arms
20:22 Squires
20:56 Bow Saw
20:53 Pikeman
22:08 Crossbowman
23:31 Scale Mail Armor
23:43 Forging
30:58 Gold Mining
31:45 Arson
34:44 Chieftains
35:54 Elite Skirmisher
36:57 Fletching
37:22 Chain Mail Armor
37:43 Iron Casting
39:42 Ballistics
42:32 Imperial Age
41:38 Padded Archer Armor
43:21 Capped Ram
43:58 Elite Berserk
agiardpro
4:31 Loom
10:48 Feudal Age
11:17 Double-Bit Axe
11:14 Horse Collar
18:25 Castle Age
18:49 Fletching
18:29 Crossbowman
20:53 Bow Saw
20:52 Heavy Plow
21:31 Gold Mining
22:48 Padded Archer Armor
25:13 Ballistics
26:15 Bodkin Arrow
34:24 Leather Archer Armor
34:52 Wheelbarrow
35:31 Stone Mining
37:13 Hand Cart
39:35 Imperial Age
38:00 Elite Skirmisher
38:58 Thumb Ring
39:41 Imperial Skirmisher
40:25 Elite Rattan Archer
41:23 Bracer
41:53 Ring Archer Armor
41:57 Arbalester
46:30 Two-Man Saw
Violinski27
0:30 Loom
11:50 Feudal Age
12:24 Double-Bit Axe
15:21 Horse Collar
21:49 Castle Age
21:20 Wheelbarrow
22:08 Scale Mail Armor
22:18 Forging
22:26 Eagle Warrior
23:07 Squires
22:52 Arson
24:00 Bow Saw
26:24 Fletching
27:46 Town Watch
28:37 Bodkin Arrow
29:24 Chain Mail Armor
29:44 Iron Casting
30:29 Iron Casting
39:42 Imperial Age
37:27 Hand Cart
44:38 Imperial Age
John Wayne
10:11 Loom
13:41 Feudal Age
14:58 Wheelbarrow
14:10 Double-Bit Axe
14:08 Horse Collar
14:20 Stone Mining
14:21 Gold Mining
22:59 Castle Age
22:58 Fletching
23:08 Padded Archer Armor
24:33 Stone Shaft Mining
23:59 Heavy Plow
24:09 Bow Saw
24:14 Hand Cart
29:01 Thumb Ring
29:37 Bodkin Arrow
30:56 Leather Archer Armor
35:25 Imperial Age
33:47 Ballistics
37:21 Two-Man Saw
36:54 Crop Rotation
35:47 Elite Genoese Crossbowman
36:48 Conscription
37:18 Bracer
37:49 Ring Archer Armor
38:01 Scale Barding Armor
38:06 Forging
39:02 Chemistry
39:42 Town Watch
39:58 Treadmill Crane
43:04 Iron Casting
42:49 Chain Barding Armor
41:56 Light Cavalry
42:47 Bloodlines
42:38 Husbandry
42:00 Cavalier
42:41 Hussar
svetoslavivanov1
1:04 Loom
14:01 Feudal Age
15:17 Double-Bit Axe
17:56 Horse Collar
22:32 Castle Age
25:35 Stone Mining
gruckiq
5:02 Loom
12:01 Feudal Age
15:27 Horse Collar
23:51 Castle Age
23:34 Wheelbarrow
23:02 Double-Bit Axe
24:48 Bloodlines
24:19 Pikeman
25:33 Town Watch
26:08 Scale Barding Armor
30:44 Chain Barding Armor
33:42 Hand Cart
37:35 Imperial Age
mat13bg
8:47 Loom
11:26 Feudal Age
12:08 Double-Bit Axe
18:49 Horse Collar
22:31 Castle Age
21:06 Gold Mining
23:56 Bow Saw
24:45 Wheelbarrow
26:10 Heavy Plow
33:05 Hand Cart
35:15 Gold Shaft Mining
43:01 Imperial Age
47:22 Imperial Age
GRaFa
7:15 Loom
10:31 Feudal Age
10:57 Double-Bit Axe
13:23 Wheelbarrow
19:11 Castle Age
19:43 Stone Mining
21:44 Fletching
23:22 Elite Skirmisher
23:58 Horse Collar
24:45 Padded Archer Armor
25:16 Gold Mining
26:00 Crossbowman
29:11 Bodkin Arrow
32:53 Imperial Age
31:11 Squires
33:20 Arbalester
34:52 Wheelbarrow
34:00 Pikeman
35:27 Conscription
35:27 Scale Mail Armor
35:55 Leather Archer Armor
37:59 Elite Skirmisher
39:57 Halberdier
40:56 Bracer
41:49 Ring Archer Armor
Connection lost

Rejoining the realm…

Still unreachable

The connection could not be restored.

Session expired

The server has moved on; the page needs a fresh start.